 Dungeon Crawl Stone Soup version 0.22-a0-351-g29664b4 (webtiles) character file.

140260 Felix the Bludgeoner (level 17, -4/198 HPs)
             Began as an Ogre Berserker on Apr 13, 2018.
             Was the Champion of Trog.
             Slain by a torpor snail (10 damage)
             ... on level 4 of the Spider Nest.
             The game lasted 02:50:51 (40067 turns).

Felix the Bludgeoner (Ogre Berserker)              Turns: 40067, Time: 02:50:52

Health: -4/198     AC: 22    Str: 28 (29) XL:     17   Next: 30%
Magic:  17/17      EV: 17    Int: 19 (21) God:    Trog [******]
Gold:   2680       SH:  0    Dex:  6 (8)  Spells: 16/16 levels left

rFire    . . .     SeeInvis .   a - +9 flail "Fojoivae" {drain, MR+++}
rCold    . . .     Gourm    .   (no shield)
rNeg     + . .     Faith    +   L - +6 pearl dragon scales
rPois    +         Spirit   .   d - +2 hat {Int+3}
rElec    .         Reflect  .   T - scarf {cloud immunity}
rCorr    .         Harm     .   (gloves unavailable)
MR       +++++                  (boots unavailable)
Stlth    ..........             y - amulet of Quxtaw {Faith Str+2}
HPRegen  0.43/turn              Z - ring of protection from magic
MPRegen  0.15/turn              K - ring of Miracles {rPois EV+6 Str-3 Int+10 Stlth+}

@: slowed, very slow
A: large, unfitting armour, tough skin 1
a: Berserk, Trog's Hand, Brothers in Arms, Renounce Religion


You were on level 4 of the Spider Nest.
You worshipped Trog.
Trog was exalted by your worship.
You were not hungry.

You visited 5 branches of the dungeon, and saw 27 of its levels.
You also visited: Ossuary.

You collected 3036 gold pieces.
You spent 356 gold pieces at shops.

Inventory:

Hand Weapons
 a - the +9 flail "Fojoivae" (weapon) {drain, MR+++}
   (Trog gifted it to you on level 3 of the Spider Nest)

   A truly terrible weapon, it drains the life of those it strikes.
   It affects your resistance to hostile enchantments.
 b - a +9 great mace of crushing
 q - a +5 dire flail of crushing
 J - a +1 antimagic demon trident
 U - a +3 great mace of protection
Missiles
 g - 549 stones
 C - 8 large rocks (quivered)
Armour
 d - a +2 hat of intelligence (worn)
 B - a +0 shield of resistance
 L - +6 pearl dragon scales (worn)
 T - a scarf of cloud immunity (worn)
Jewellery
 f - the ring of Xuen {Str+2 Dex+2}
   (You took it off a kobold on level 12 of the Dungeon)

   [ring of strength]

   It affects your strength (+2).
   It affects your dexterity (+2).
 h - a +2 ring of dexterity
 m - a +2 ring of protection
 s - a +5 amulet of reflection
 y - the amulet of Quxtaw (around neck) {Faith Str+2}
   (You took it off an orc knight on level 10 of the Dungeon)

   [amulet of faith]

   It allows you to gain divine favour quickly.
   It affects your strength (+2).
 K - the ring of Miracles (right hand) {rPois EV+6 Str-3 Int+10 Stlth+}
   (You took it off an orc on level 10 of the Dungeon)

   [ring of evasion]

   It affects your evasion (+6).
   It affects your strength (-3).
   It affects your intelligence (+10).
   It protects you from poison.
   It makes you more stealthy.
 O - an uncursed ring of flight
 P - a +3 ring of strength
 S - an uncursed ring of protection from cold
 W - an uncursed ring of ice
 Z - a ring of protection from magic (left hand)
Wands
 u - a wand of iceblast (10)
 v - a wand of flame (10)
 x - a wand of polymorph (28)
 M - a wand of acid (11)
 Q - a wand of disintegration (16)
 Y - a wand of clouds (8)
Scrolls
 e - 5 scrolls of identify
 i - 10 scrolls of remove curse
 j - 11 scrolls of teleportation
 l - 6 scrolls of fear
 n - 2 scrolls of fog
 w - 5 scrolls of blinking
 E - 6 scrolls of enchant weapon
 G - 2 scrolls of magic mapping
 R - a scroll of holy word
 X - 3 scrolls of brand weapon
Potions
 k - 6 potions of curing
 o - a potion of berserk rage
 t - 2 potions of ambrosia
 z - 11 potions of flight
 A - a potion of might
 D - 3 potions of brilliance
 F - 2 potions of agility
 H - 3 potions of invisibility
 I - 2 potions of heal wounds
 N - 3 potions of haste
Miscellaneous
 p - a lamp of fire
 r - a sack of spiders
 V - a phantom mirror
Comestibles
 c - 28 rations


   Skills:
 * Level 19.4 Fighting
 * Level 20.0 Maces & Flails
 + Level 4.8 Throwing
 + Level 7.7 Armour
 * Level 11.2 Dodging
 + Level 0.1 Evocations


You had 16 spell levels left.
You didn't know any spells.

Dungeon Overview and Level Annotations

Branches:
Dungeon (14/15)            Temple (1/1) D:7            Lair (6/6) D:11
 Shoals (0/4) Lair:3       Spider (4/4) Lair:3        Slime (0/5) Lair:6
    Orc (2/2) D:9             Elf (0/3) Orc:2        Vaults (0/5) D:14

Altars:
Ashenzari
Cheibriados
Dithmenos
Elyvilon
Fedhas
Gozag
Hepliaklqana
Kikubaaqudgha
Makhleb
Nemelex Xobeh
Okawaru
Qazlal
Ru
Sif Muna
Trog
Uskayaw
Vehumet
Wu Jian
Xom
Yredelemnul
Zin
The Shining One
Beogh
Jiyva

Shops:
D:7 :   D:8 [   D:10 ?}   Orc:2 %::[*

Annotations:
Lair:4 exclusion: 2 oklob plants


Innate Abilities, Weirdness & Mutations

You are too large for most types of armour.
You have tough skin. (AC +1)


Message History

The spark wasp stings you! The spark wasp shocks you!
The redback closely misses you. The torpor snail bites you.
You sock the torpor snail!
The torpor snail is moderately wounded.
The redback bites you! x2; The spark wasp stings you.
The spark wasp shocks you! The redback bites you!
The spark wasp closely misses you. The torpor snail bites you.
The redback bites you but does no damage.
The redback completely misses you. The redback closely misses you.
The redback misses you. The spark wasp stings you!!
* * * LOW HITPOINT WARNING * * *
The spark wasp shocks you!
* * * LOW HITPOINT WARNING * * *
The redback barely misses you. The redback closely misses you. x2
The spark wasp stings you!
* * * LOW HITPOINT WARNING * * *
The spark wasp shocks you!
* * * LOW HITPOINT WARNING * * *
The torpor snail bites you!
You die...

#.(...............
....
##......^..........
....
#(^................
....
##......#..........
....
#...(..........^..
....
#^.(.....^........
..*.
##.................
..§.
#.........sws#.....
...§
#.^.......†@ys.....
....
####...^....ss.....
..#.
##.#............
....
##....#........
.... ##....^.......
.... #............
#...#........
#...^........ #..


You could see a spark wasp, a torpor snail and 5 redbacks.

Vanquished Creatures
  Gastronok (Orc:1)
  2 emperor scorpions
  4 ghost moths
  An iron dragon (D:14)
  2 entropy weavers
  Azrael (D:13)
  Snorg (Lair:3)
  A fire dragon (Lair:6)
  An ogre mage (D:10)
  4 hydras
  4 vault guards (D:14)
  3 centaur warriors
  A death knight (D:14)
  3 catoblepae
  10 two-headed ogres
  The ghost of Pawles22 the Thrower, a novice OgHu of Okawaru (D:7)
  Urug (D:14)
  2 skeletal warriors
  4 unseen horrors
  A deep elf archer (D:14)
  A swamp dragon (Lair:6)
  2 wizards
  A phantasmal warrior (D:14)
  21 wolf spiders
  8 ugly things
  The ghost of TheNamelessOne the Insei, a novice DsCK of Xom (D:6)
  11 orb spiders
  4 orc knights
  2 orc sorcerers (D:14)
  2 deep elf magi (D:12)
  3 cyclopes
  A manticore (Lair:3)
  Joseph (D:7)
  7 black mambas
  9 elephants (Lair:6)
  2 gargoyles
  A guardian serpent (Lair:6)
  A molten gargoyle (Lair:1)
  3 torpor snails
  17 spiny frogs
  2 freezing wraiths
  A kobold demonologist (D:13)
  7 rime drakes
  A yaktaur (D:14)
  4 komodo dragons
  10 demonic crawlers
  A tengu conjurer (D:11)
  8 trolls
  The ghost of p0werm0de the Chopper, an amateur DDFi of Makhleb (D:4)
  3 meliai (D:14)
  38 jumping spiders
  5 hornets
  30 blink frogs
  8 hippogriffs
  4 slime creatures (D:13)
  A shadow (D:13)
  Sigmund (D:6)
  52 redbacks
  39 yaks
  19 tarantellas
  10 wyverns
  A basilisk (D:11)
  5 steam dragons
  5 fire elementals
  5 hungry ghosts
  4 vampire mosquitoes
  5 fire bats (Lair:1)
  Menkaure (D:6)
  2 wargs (Orc:1)
  2 acid dragons (Lair:6)
  20 water moccasins
  4 hell hounds (D:13)
  11 porcupines
  5 sky beasts
  4 ice beasts
  3 swamp drakes (Lair:6)
  33 orc warriors
  A black bear (D:7)
  2 phantoms
  18 wolves
  19 centaurs
  7 ogres
  12 crocodiles
  5 big kobolds
  12 bullfrogs
  5 scorpions
  7 killer bees (D:10)
  4 howler monkeys
  8 wights (D:13)
  A lava snake (Lair:4)
  A bullfrog zombie (D:8)
  7 crimson imps
  6 hounds
  A jelly (D:8)
  4 bullfrog skeletons
  12 orc priests
  24 orc wizards
  2 centaur skeletons
  3 centaur zombies
  7 iguanas
  7 hell rats (Lair:5)
  21 worker ants
  A big kobold zombie (Ossuary)
  8 mummies (Ossuary)
  2 howler monkey zombies
  A worker ant zombie (D:5)
  5 gnolls
  21 adders
  2 shadow imps
  3 oozes
  An adder zombie (D:5)
  An adder skeleton (D:9)
  5 worms
  A dart slug (D:2)
  6 leopard geckos
  71 orcs
  3 giant cockroaches
  10 goblins
  13 hobgoblins
  20 jackals
  28 kobolds
  6 quokkas
  A ball python (D:2)
  8 bats
  A frilled lizard (D:2)
  4 gnoll zombies
  3 kobold zombies (Ossuary)
  2 leopard gecko skeletons
  2 orc zombies (Ossuary)
  A quokka skeleton (D:5)
  A quokka zombie (D:7)
  8 rats
  A fungus (Lair:4)
  A plant (Lair:6)
938 creatures vanquished.

Vanquished Creatures (collateral kills)
  An orc warlord (Orc:1)
  A hydra (Lair:1)
  Sonja (D:10)
  A spiny frog (Lair:6)
  A komodo dragon (Lair:1)
  2 orc warriors (Orc:1)
  A big kobold (D:10)
  4 orcs (Orc:1)
12 creatures vanquished.

Vanquished Creatures (others)
  Fannar (Lair:3)
  A redback (Spider:2)
  A crimson imp (D:5)
  A kobold (D:13)
  8 bushes
  16 fungi
  70 plants
98 creatures vanquished.

Grand Total: 1048 creatures vanquished

Notes
Turn   | Place    | Note
-------+----------+-------------------------------------------
     0 | D:1      | Felix the Ogre Berserker began the quest for the Orb.
     0 | D:1      | Reached XP level 1. HP: 24/24 MP: 1/1
    38 | D:1      | Reached XP level 2. HP: 16/32 MP: 2/2
   359 | D:1      | Reached skill level 3 in Maces & Flails
   379 | D:1      | Reached XP level 3. HP: 13/40 MP: 3/3
  1013 | D:1      | Reached ** piety under Trog
  1479 | D:1      | Reached XP level 4. HP: 49/49 MP: 4/4
  1976 | D:2      | Reached skill level 4 in Maces & Flails
  2094 | D:2      | Reached XP level 5. HP: 55/55 MP: 5/5
  2454 | D:2      | Found a shimmering altar of Xom.
  2726 | D:2      | Reached skill level 1 in Throwing
  2884 | D:2      | Reached skill level 5 in Fighting
  3063 | D:2      | Reached *** piety under Trog
  4125 | D:3      | Reached XP level 6. HP: 58/66 MP: 6/6
  4178 | D:3      | Found an iron altar of Okawaru.
  4802 | D:4      | Noticed p0werm0de's ghost (amateur DDFi)
  4859 | D:4      | Killed p0werm0de's ghost
  4859 | D:4      | Reached skill level 5 in Maces & Flails
  4859 | D:4      | Reached XP level 7. HP: 60/72 MP: 7/7
  5747 | D:4      | Reached skill level 6 in Maces & Flails
  6012 | D:4      | Found a radiant altar of Vehumet.
  6440 | D:4      | Reached XP level 8. HP: 42/83 MP: 8/8
  6983 | D:4      | Found a basalt altar of Yredelemnul.
  7038 | D:5      | Entered Level 5 of the Dungeon
  7616 | D:5      | Reached skill level 7 in Maces & Flails
  7757 | D:5      | Reached **** piety under Trog
  8168 | D:5      | Reached skill level 5 in Dodging
  8211 | D:5      | Reached XP level 9. HP: 78/93 MP: 9/9
  8264 | D:6      | Reached skill level 8 in Maces & Flails
  8613 | D:6      | Noticed Sigmund
  8619 | D:6      | Killed Sigmund
  8621 | D:6      | Noticed TheNamelessOne's ghost (novice DsCK)
  8951 | D:6      | Killed TheNamelessOne's ghost
  8951 | D:6      | Reached skill level 9 in Maces & Flails
  9503 | D:6      | Noticed Menkaure
  9520 | D:6      | Killed Menkaure
  9900 | D:6      | Found a deep blue altar of Sif Muna.
  9968 | D:6      | Found a shattered altar of Ashenzari.
 10092 | D:7      | Found a sand-covered staircase.
 10097 | Ossuary  | Entered an ossuary
 10530 | D:7      | Received a gift from Trog
 10578 | D:7      | Reached XP level 10. HP: 65/107 MP: 10/10
 10593 | D:7      | Noticed Pawles22's ghost (novice OgHu)
 10613 | D:7      | Killed Pawles22's ghost
 10613 | D:7      | Reached skill level 10 in Maces & Flails
 10946 | D:7      | Found Teahuh's Book Shoppe.
 10986 | D:7      | Noticed Joseph
 11001 | D:7      | Killed Joseph
 11645 | D:7      | Found a staircase to the Ecumenical Temple.
 11654 | Temple   | Entered the Ecumenical Temple
 11787 | D:7      | Reached skill level 10 in Fighting
 12098 | D:8      | Noticed a two-headed ogre
 12109 | D:8      | Killed a two-headed ogre
 12227 | D:8      | Found Hogeror's Armour Emporium.
 12367 | D:8      | Found a snail-covered altar of Cheibriados.
 12378 | D:8      | Reached skill level 11 in Maces & Flails
 12535 | D:9      | Noticed a two-headed ogre
 12542 | D:9      | Killed a two-headed ogre
 12542 | D:9      | Reached XP level 11. HP: 120/120 MP: 11/11
 12644 | D:9      | Found a blossoming altar of Fedhas.
 12712 | D:9      | Paralysed by fainting for 9 turns
 12732 | D:9      | Paralysed by fainting for 8 turns
 12811 | D:9      | Found an opulent altar of Gozag.
 12833 | D:9      | Reached ***** piety under Trog
 12835 | D:9      | Noticed a two-headed ogre
 12850 | D:9      | Killed a two-headed ogre
 12979 | D:9      | Found a burning altar of Makhleb.
 13047 | D:9      | Received a gift from Trog
 13455 | D:9      | Found a staircase to the Orcish Mines.
 13790 | D:10     | Entered Level 10 of the Dungeon
 14117 | D:10     | Noticed Sonja
 14769 | D:10     | Found Plog's Magic Scroll Shoppe.
 14771 | D:10     | Found Arecs's Gadget Emporium.
 14788 | D:10     | Noticed an ogre mage
 14806 | D:10     | Killed an ogre mage
 14806 | D:10     | Reached skill level 12 in Maces & Flails
 14853 | D:10     | Killed an unseen horror
 15033 | D:10     | Noticed an orc knight
 15047 | D:10     | Killed an orc knight
 15066 | D:10     | Got a glittering garnet amulet
 15437 | D:10     | Noticed a wizard
 15446 | D:10     | Killed a wizard
 15536 | D:10     | Got a coiled copper ring
 15554 | D:10     | Identified the ring of Miracles {rPois EV+6 Str-3 Int+10 Stlth+} (You took it off an orc on level 10 of the Dungeon)
 15558 | D:10     | Identified the amulet of Quxtaw {Faith Str+2} (You took it off an orc knight on level 10 of the Dungeon)
 15704 | D:10     | Received a gift from Trog
 15749 | D:10     | Bought a scroll of enchant armour for 97 gold pieces
 15749 | D:10     | Bought a scroll of enchant armour for 97 gold pieces
 15957 | D:10     | Killed Sonja
 16151 | D:10     | Reached XP level 12. HP: 136/136 MP: 12/12
 16257 | D:11     | Found a staircase to the Lair.
 16411 | D:11     | Reached skill level 13 in Maces & Flails
 17214 | Lair:1   | Entered Level 1 of the Lair of Beasts
 17266 | Lair:1   | Reached skill level 1 in Armour
 17509 | Lair:1   | Reached skill level 14 in Maces & Flails
 17994 | Lair:1   | Noticed a seven-headed hydra
 18028 | Lair:1   | Killed a seven-headed hydra
 18388 | Lair:2   | Received a gift from Trog
 18465 | Lair:2   | Reached skill level 15 in Maces & Flails
 18506 | Lair:2   | Reached XP level 13. HP: 148/148 MP: 13/13
 19231 | Lair:3   | Found a hole to the Spider Nest.
 19260 | Lair:3   | Noticed Snorg
 19309 | Lair:3   | Killed Snorg
 19450 | Lair:3   | Noticed Fannar
 19469 | Lair:3   | Killed Fannar
 19690 | Lair:3   | Reached skill level 16 in Maces & Flails
 20186 | Lair:3   | Reached skill level 15 in Fighting
 20382 | Lair:3   | Found a staircase to the Shoals.
 21164 | Lair:4   | Received a gift from Trog
 21811 | Lair:5   | Reached skill level 17 in Maces & Flails
 21982 | Lair:5   | Reached XP level 14. HP: 161/161 MP: 14/14
 22571 | Lair:6   | Entered Level 6 of the Lair of Beasts
 23852 | Lair:6   | Received a gift from Trog
 24317 | Lair:6   | Received a gift from Trog
 24328 | Lair:6   | Found a viscous altar of Jiyva.
 24332 | Lair:6   | Found a staircase to the Slime Pits.
 24409 | Lair:6   | Reached skill level 5 in Armour
 25710 | Orc:1    | Entered Level 1 of the Orcish Mines
 25714 | Orc:1    | Reached skill level 18 in Maces & Flails
 25826 | Orc:1    | Noticed an orc warlord
 25856 | Orc:1    | Reached XP level 15. HP: 172/172 MP: 15/15
 25861 | Orc:1    | Killed an orc warlord
 26145 | Orc:1    | Noticed Gastronok
 26166 | Orc:1    | Killed Gastronok
 26374 | Orc:1    | Found a burning altar of Makhleb.
 26477 | Orc:1    | Received a gift from Trog
 26626 | Orc:2    | Entered Level 2 of the Orcish Mines
 27472 | Orc:2    | Found a roughly hewn altar of Beogh.
 27799 | Orc:2    | Found Afys's Food Shop.
 28015 | Orc:2    | Found a staircase to the Elven Halls.
 28151 | Orc:2    | Found Opho's Armour Shop.
 28151 | Orc:2    | Found Ethinoofeu's Book Emporium.
 28153 | Orc:2    | Found Xunodgh's Book Shoppe.
 28155 | Orc:2    | Found Qiarph's Assorted Antiques.
 28167 | Orc:2    | Bought a potion of curing for 81 gold pieces
 28167 | Orc:2    | Bought a scroll of teleportation for 81 gold pieces
 28707 | D:12     | Received a gift from Trog
 28914 | D:12     | Reached skill level 10 in Dodging
 28950 | D:12     | Got a brightly glowing brass ring
 29766 | D:13     | Identified the ring of Xuen {Str+2 Dex+2} (You took it off a kobold on level 12 of the Dungeon)
 29792 | D:13     | Noticed Azrael
 29827 | D:13     | Killed Azrael
 30455 | D:13     | Received a gift from Trog
 30904 | D:14     | Noticed an iron dragon
 31439 | D:14     | Killed an iron dragon
 31439 | D:14     | Reached skill level 19 in Maces & Flails
 31636 | D:14     | Reached XP level 16. HP: 169/185 MP: 16/16
 31694 | D:14     | Found the +6 shillelagh "Devastator" {shatter}
 31823 | D:14     | Noticed Urug
 31829 | D:14     | Killed Urug
 32565 | D:14     | Found a gate to the Vaults.
 33121 | Spider:1 | Entered Level 1 of the Spider Nest
 33793 | Spider:1 | Received a gift from Trog
 35711 | Spider:2 | Reached ****** piety under Trog
 37042 | Spider:3 | Received a gift from Trog
 37050 | Spider:3 | Got a smoking flail {god gift}
 37051 | Spider:3 | Identified the +9 flail "Fojoivae" {drain, MR+++} (Trog gifted it to you on level 3 of the Spider Nest)
 37467 | Spider:3 | Reached XP level 17. HP: 85/198 MP: 17/17
 38296 | Spider:4 | Entered Level 4 of the Spider Nest
 38681 | Spider:4 | Reached skill level 20 in Maces & Flails
 38692 | Spider:3 | Received a gift from Trog
 40047 | Spider:3 | Received a gift from Trog
 40067 | Spider:4 | HP: 6/198 [spark wasp (14)]
 40067 | Spider:4 | Slain by a torpor snail

Vault maps used:
D:1:      dpeg_arrival_another_circle, st_stairs_12, minivault_26, nrook_uturn
D:2:      tgw_xom
D:3:      kennysheep_okawaru_gauntlet
D:4:      lemuel_zombie_altar_yredelemnul, vehumet_altar_wand_db, serial_glass,
          glass_columns_b, glass_columns_a, glass_columns_a, glass_columns_b,
          glass_columns_b, feat_on_display, minmay_strange_pillars,
          minmay_strange_pillars, item_on_display_a, first_ration,
          grunt_ministairs_2
D:6:      lemuel_coloured_pillars_altar, ashenzari_altar_1, uniq_menkaure,
          uniq_sigmund
D:7:      cheibrodos_steamvent, minmay_temple_entry_statues_pillars,
          nicolae_ossuary_entry_false_entrances, serial_shops, shop_coins,
          uniq_joseph
D:8:      lemuel_round_altar, serial_shops, nicolae_shop_waterfront
D:9:      lemuel_crystal_altar, grunt_temple_overflow_open, hiddenorc1_lemuel
D:10:     minmay_the_grid_octo_2x2, serial_shops, shop, shop, uniq_sonja
D:11:     lair_entry_dummy, grunt_tengu_nest
D:13:     minivault_23, uniq_azrael
D:14:     minmay_roctagon, grunt_vaults_entry_fortified, serial_park_square1,
          hangedman_abyss_or_decor_clamps, uniq_urug
Temple:   dshaligram_water_room_temple
Lair:1:   infiniplex_staircase_pool_2
Lair:2:   nicolae_quartered_pool_super, beast_lair_carwin_5
Lair:3:   minmay_shoals_entry_beasts, spider_nest_entry_a, uniq_snorg,
          uniq_fannar
Lair:4:   minmay_lair_oklob_chamber
Lair:5:   grunt_megastairs_2
Lair:6:   hangedman_lair_tendril_chambers, guppyfry_lair_end_dragon,
          slime_altar_1, lab_entry_generic, st_stairs_4, minmay_lair_drake_nest
Spider:3: guppyfry_spider_mini_3
Spider:4: spider_rune_water
Orc:1:    basic_altar, uniq_gastronok
Orc:2:    st_orc_rangers, serial_shops, shop, lemuel_statue_altar
Ossuary:  ossuary_tomb_3

Skill      XL: |  1  2  3  4  5  6  7  8  9 10 11 12 13 14 15 16 17 |
---------------+----------------------------------------------------+-----
Maces & Flails | 3 4 5 6 7 9 11 12 15 17 18 19 20 | 20.0
Dodging        | 3 4 5 6 7 8 9 10 11 | 11.2
Throwing       | 1 2 3 4 |  4.8
Fighting       | 5 6 7 9 11 13 14 15 16 18 19 | 19.4
Armour         | 2 3 5 6 7 |  7.7
Evocations     | |  0.1

Action                   |  1- 3 |  4- 6 |  7- 9 | 10-12 | 13-15 | 16-18 || total
-------------------------+-------+-------+-------+-------+-------+-------++-------
Melee: Mace              |   109 |   200 |   134 |   417 |       |       ||   860
       Flail             |       |       |   210 |       |       |   246 ||   456
       Dire flail        |       |       |       |   238 |       |       ||   238
       Great mace        |       |       |       |    22 |  1075 |   355 ||  1452
Throw: Stone             |     7 |   130 |    52 |    28 |    41 |    75 ||   333
       Large rock        |       |       |       |       |    14 |    14 ||    28
Invok: Berserk           |       |     4 |     9 |    13 |     7 |     2 ||    35
       Brothers in Arms  |       |       |     1 |     2 |     2 |       ||     5
       Trog's Hand       |       |       |       |     1 |     1 |     2 ||     4
Evoke: Wand              |       |       |       |     1 |       |     1 ||     2
       Lamp of fire      |       |       |       |       |       |     1 ||     1
  Use: Scroll            |       |     2 |     2 |    19 |    17 |     6 ||    46
       Potion            |       |       |       |     8 |     3 |     4 ||    15
 Stab: Sleeping          |       |     1 |       |       |       |       ||     1
       Petrified         |       |       |       |       |     4 |       ||     4
       Petrifying        |       |       |       |       |     1 |       ||     1
  Eat: Chunk             |     2 |    13 |    19 |    36 |    46 |     7 ||   123
       Ration            |       |       |     2 |     3 |     2 |     7 ||    14
Armor: Animal skin       |    49 |    75 |    90 |    26 |       |       ||   240
       Steam dragon scal |       |       |       |   141 |       |       ||   141
       Pearl dragon scal |       |       |       |    80 |   522 |   525 ||  1127
Dodge: Dodged            |    71 |   123 |   180 |   400 |  1090 |   713 ||  2577
Block: Other             |       |       |       |    44 |       |       ||    44
       Reflection        |       |       |       |     2 |       |       ||     2

Table legend:
 A = Spawn XP
 B = Non-spawn XP
 C = Spawn XP percentage of total XP
 D = Spawn monster count
 E = Non-spawn monster count
 F = Spawn count percentage of total count
 G = Total turns spent on level
                    A         B        C        D         E        F      G
               +---------+---------+-------+---------+---------+-------+---------
         Total |       0 |  200372 |   0.0 |       0 |     950 |   0.0 | 40067
               +---------+---------+-------+---------+---------+-------+---------
           D:1 |       0 |      88 |   0.0 |       0 |      39 |   0.0 |  1714
           D:2 |       0 |     195 |   0.0 |       0 |      37 |   0.0 |  1944
           D:3 |       0 |      77 |   0.0 |       0 |      16 |   0.0 |  1263
           D:4 |       0 |    1062 |   0.0 |       0 |      25 |   0.0 |  2636
           D:5 |       0 |     950 |   0.0 |       0 |      22 |   0.0 |   702
           D:6 |       0 |    1912 |   0.0 |       0 |      22 |   0.0 |  1931
           D:7 |       0 |    2696 |   0.0 |       0 |      25 |   0.0 |  1341
           D:8 |       0 |    1449 |   0.0 |       0 |      12 |   0.0 |   478
           D:9 |       0 |    3540 |   0.0 |       0 |      51 |   0.0 |  1840
          D:10 |       0 |    7724 |   0.0 |       0 |      47 |   0.0 |  2000
          D:11 |       0 |    4364 |   0.0 |       0 |      34 |   0.0 |  1022
          D:12 |       0 |    8578 |   0.0 |       0 |      37 |   0.0 |  1303
          D:13 |       0 |   12388 |   0.0 |       0 |      46 |   0.0 |  1307
          D:14 |       0 |   22512 |   0.0 |       0 |      41 |   0.0 |  2066
        Lair:1 |       0 |    5153 |   0.0 |       0 |      25 |   0.0 |  1186
        Lair:2 |       0 |    5338 |   0.0 |       0 |      24 |   0.0 |   927
        Lair:3 |       0 |    8925 |   0.0 |       0 |      34 |   0.0 |  2026
        Lair:4 |       0 |    9725 |   0.0 |       0 |      39 |   0.0 |   950
        Lair:5 |       0 |    1852 |   0.0 |       0 |      11 |   0.0 |  1078
        Lair:6 |       0 |   30395 |   0.0 |       0 |     105 |   0.0 |  2752
      Spider:1 |       0 |   16051 |   0.0 |       0 |      50 |   0.0 |  2193
      Spider:2 |       0 |   13808 |   0.0 |       0 |      29 |   0.0 |  1078
      Spider:3 |       0 |   20610 |   0.0 |       0 |      45 |   0.0 |  3008
      Spider:4 |       0 |    7984 |   0.0 |       0 |      27 |   0.0 |   191
         Orc:1 |       0 |    6370 |   0.0 |       0 |      39 |   0.0 |  1486
         Orc:2 |       0 |    6451 |   0.0 |       0 |      52 |   0.0 |  1124
       Ossuary |       0 |     175 |   0.0 |       0 |      16 |   0.0 |   430
               +---------+---------+-------+---------+---------+-------+---------
